 Dungeon Crawl Stone Soup version 0.28.0-53-g5a82cb258f (webtiles) character file.

Game seed: 8388853649993442743

82 Acheron the Chopper (level 4, -6/34 HPs)
             Began as a Human Gladiator on June 26, 2022.
             Mangled by a phantom (7 damage)
             ... on level 3 of the Dungeon.
             The game lasted 00:09:37 (1772 turns).

Acheron the Chopper (Human Gladiator)               Turns: 1772, Time: 00:09:37

Health: -6/34      AC:  5    Str: 15    XL:     4   Next: 70%
Magic:  4/4        EV: 12    Int: 10    God:
Gold:   67         SH:  0    Dex: 14    Spells: 3/4 levels left

rFire   . . .      SeeInvis .   a - +1 war axe (drain)
rCold   . . .      Faith    .   (no shield)
rNeg    . . .      Spirit   .   b - +0 leather armour
rPois   .          Reflect  .   c - +0 helmet
rElec   .          Harm     .   k - +0 cloak
rCorr   .          Rampage  .   (no gloves)
Will    .....                   (no boots)
Stlth   +.........              (no amulet)
HPRegen 0.11/turn               (no ring)
MPRegen 0.09/turn               (no ring)

@: no status effects
A: no striking features
a: no special abilities


You were on level 3 of the Dungeon.
You visited 1 branch of the dungeon, and saw 4 of its levels.

You collected 67 gold pieces.

Inventory:

Hand Weapons
 a - a +1 war axe of draining (weapon)
 e - a +0 rapier
Missiles
 d - 3 throwing nets (quivered)
 l - 16 stones
Armour
 b - a +0 leather armour (worn)
 c - a +0 helmet (worn)
 k - a +0 cloak (worn)
Magical Staves
 h - a staff of poison
Scrolls
 f - a scroll of enchant armour {unknown}
 g - 2 scrolls of identify
 i - 3 scrolls of vulnerability


   Skills:
 * Level 2.4 Fighting
 + Level 3.6 Axes
 * Level 2.5 Throwing
 * Level 1.0 Armour
 * Level 3.2 Dodging
 * Level 1.1 Stealth
 * Level 0.6 Spellcasting
 * Level 0.6 Translocations


You had 3 spell levels left.
You knew the following spells:

 Your Spells              Type           Power      Damage    Failure   Level
a - Apportation           Tloc           2%         N/A       34%         1

Your spell library contained the following spells:

 Spells                   Type           Power      Damage    Failure   Level
 Alistair's Intoxication  Tmut/Pois      0%         N/A       100%        5


Dungeon Overview and Level Annotations

Branches:
Dungeon (4/15)
 Temple: D:4-7

Altars:

Annotations:
D:1 exclusion: 2 downstairs
D:2 Jessica, Sigmund
D:3 exclusion: upstairs


Message History

You barely miss the hobgoblin. The hound barely misses you.
The hobgoblin hits you but does no damage.
The hound bites you.
* * * LOW HITPOINT WARNING * * *
The hobgoblin hits you but does no damage.
You slash the hobgoblin!
You kill the hobgoblin!
You barely miss the hound. The hound closely misses you.
The hound barely misses you.
You barely miss the hound.
The hound is heavily wounded.
The hound misses you. The hound closely misses you.
You barely miss the hound. Your punch misses the hound.
The hound is heavily wounded.
The hound barely misses you. The hound closely misses you.
You slash the hound!
You kill the hound!
The ice beast hits you but does no damage.
Your Armour skill increases to level 1!
You see here a scroll labelled NOUXTO PAYCAN.
f - a scroll labelled NOUXTO PAYCAN The ice beast hits you but does no damage.
The phantom misses you.
You see here a +0 leather armour.
You slash the phantom!
The phantom is moderately damaged.
You barely miss the ice beast.
The ice beast hits you but does no damage.
The phantom hits you.
* * * LOW HITPOINT WARNING * * *
The phantom blinks!
You blink.
You close the door, pushing everything out of the way.
The phantom hits you.
* * * LOW HITPOINT WARNING * * *
You closely miss the phantom.
The phantom is moderately damaged.
The phantom hits you.
* * * LOW HITPOINT WARNING * * *
The phantom blinks!
You blink.
The phantom hits you!
You die...

..... #####
#...#
##.[.###...#
##.....##...#
#.......#...#
.
#.....Y.+§..+
.
#.......#§..#
.
##.....##..W#
#
##...###.@.#
# ##### #.(.#
#...# #...#
#...# +...+
#...# #...# #
#...#


You could see a phantom.

Vanquished Creatures
  A hound (D:3)
  An adder (D:2)
  A worm (D:2)
  2 dart slugs
  4 endoplasms
  3 giant cockroaches
  A hobgoblin (D:3)
  4 jackals (D:1)
  2 ball pythons (D:1)
  4 bats (D:1)
  5 frilled lizards
  7 kobolds
35 creatures vanquished.

Notes
Turn   | Place    | Note
-------+----------+-------------------------------------------
     0 | D:1      | Acheron the Human Gladiator began the quest for the Orb.
     0 | D:1      | Reached XP level 1. HP: 16/16 MP: 1/1
    49 | D:1      | Reached XP level 2. HP: 14/22 MP: 2/2
   398 | D:1      | Found a faded altar of an unknown god.
   455 | D:2      | Noticed Sigmund
   455 | D:2      | Noticed Jessica
   475 | D:1      | Reached XP level 3. HP: 27/27 MP: 3/3
   493 | D:1      | Learned a level 1 spell: Apportation
  1368 | D:2      | Reached skill level 1 in Stealth
  1437 | D:2      | Reached XP level 4. HP: 28/34 MP: 4/4
  1713 | D:3      | Noticed an ice beast
  1749 | D:3      | Noticed a phantom
  1761 | D:3      | Reached skill level 1 in Armour
  1772 | D:3      | HP: 1/34 [phantom (3)]
  1772 | D:3      | Mangled by a phantom

Illustrated notes

Levels and vault maps discovered:
D:1:      shiori_arrival_elements, layout_basic,
          chequers_ecumenical_altar_island, nicolae_figureground_pulse
D:2:      layout_loops_ring, uniq_sigmund, uniq_jessica
D:3:      kennysheep_six_static_rooms, layout_rooms, serial_corexii_hall,
          corexii_hall_statues_i, chequers_hall_statues_corner_a,
          chequers_hall_statues_y, corexii_hall_statues_t,
          corexii_item_surrounded_by_moat, uniq_crazy_yiuf_cottage, uniq_robin
D:4:      layout_loops_ring, minmay_unequal

Skill      XL: |  1  2  3  4 |
---------------+-------------+-----
Stealth        | 1 |  1.1
Armour         | 1 |  1.0
Fighting       | |  2.4
Axes           | |  3.6
Throwing       | |  2.5
Dodging        | |  3.2
Spellcasting   | |  0.6
Translocations | |  0.6

Action                   |  1- 3 |  4- 6 || total
-------------------------+-------+-------++-------
Melee: War axe           |    88 |    14 ||   102
  Use: Scroll            |       |     5 ||     5
 Stab: Sleeping          |     3 |       ||     3
Armor: Leather armour    |    26 |    11 ||    37
Dodge: Dodged            |    67 |    14 ||    81
